 Dungeon Crawl Stone Soup version 0.27-a0-1312-g5cdb2b3542 (webtiles) character file.

Game seed: 8251033951167354583

35 Demosthentine the Poker (level 3, 0/28 HPs)
             Began as a Merfolk Gladiator on June 20, 2021.
             Slain by an adder (2 damage)
             ... on level 2 of the Dungeon.
             The game lasted 00:01:31 (1561 turns).

Demosthentine the Poker (Merfolk Gladiator)         Turns: 1561, Time: 00:01:31

Health: 0/28       AC:  4    Str: 13 (15) XL:     3   Next: 35%
Magic:  3/3        EV: 13    Int:  5 (7)  God:
Gold:   13         SH:  0    Dex: 13 (15) Spells: 2/2 levels left

rFire    . . .     SeeInvis .   a - +0 trident
rCold    . . .     Faith    .   (no shield)
rNeg     . . .     Spirit   .   b - +0 leather armour
rPois    .         Reflect  .   c - +0 helmet
rElec    .         Harm     .   (no cloak)
rCorr    .         Rampage  .   (no gloves)
Will     .....                  (no boots)
Stlth    +.........             (no amulet)
HPRegen  0.09/turn              (no ring)
MPRegen  0.08/turn              (no ring)

@: mighty, lethally poisoned (0 -> -5)
A: (nimble swimmer 2), mertail
a: no special abilities


You were on level 2 of the Dungeon.
You visited 1 branch of the dungeon, and saw 2 of its levels.

You collected 68 gold pieces.
You spent 55 gold pieces at shops.

Inventory:

Hand Weapons
 a - a +0 trident (weapon)
Missiles
 d - 3 throwing nets (quivered)
 g - 5 curare-tipped darts
Armour
 b - a +0 leather armour (worn)
 c - a +0 helmet (worn)
Jewellery
 l - a +6 ring of dexterity
Scrolls
 f - a scroll of teleportation
 j - a scroll of identify
Potions
 e - a potion of flight
 h - a potion of heal wounds {unknown}


   Skills:
 + Level 2.7 Fighting
 + Level 4.9 Polearms
 - Level 2.0 Throwing
 + Level 0.8 Armour
 + Level 4.5 Dodging


You had 2 spell levels left.
You didn't know any spells.
Your spell library contained the following spells:

 Spells                   Type           Power      Damage    Failure   Level
 Summon Small Mammal      Summ           0%         N/A       56%         1
 Call Imp                 Summ           0%         N/A       71%         2
 Call Canine Familiar     Summ           0%         N/A       90%         3
 Summon Guardian Golem    Hex/Summ       0%         N/A       90%         3
 Summon Ice Beast         Ice/Summ       0%         N/A       100%        4
 Summon Lightning Spire   Summ/Air       0%         N/A       100%        4


Dungeon Overview and Level Annotations

Branches:
Dungeon (2/15)

Altars:

Shops:
D:1 ?   D:2 *


Innate Abilities, Weirdness & Mutations

((You are quick and stealthy near water. (Stealth+, EV+, Speed+++)))
Your lower body shifts to a powerful aquatic tail in water.


Message History

The worm barely misses you.
You hit the worm.
The worm is almost dead.
The adder closely misses you. The worm bites you.
There are monsters nearby!
You hit the worm.
The worm is almost dead.
The adder bites you.
There are monsters nearby!
You hit the worm.
You kill the worm!
The adder misses you. The adder barely misses you.
An adder is nearby!
You barely miss the adder. The adder bites you.
You are poisoned.
The adder poisons you!
An adder is nearby!
You barely miss the adder.
You feel sick. The adder barely misses you.
You are too injured to fight recklessly!
You are too injured to fight recklessly!
You are too injured to fight recklessly!
An adder is nearby!
You miss the adder.
You feel sick. The adder bites you. The adder bites you but does no damage.
You puncture the adder!
The adder is severely wounded.
You feel sick. The adder bites you.
* * * LOW HITPOINT WARNING * * *
You are lethally poisoned!
The adder poisons you!
It was a potion of might.
You feel very mighty all of a sudden.
* * * LOW HITPOINT WARNING * * *
You feel sick. The adder barely misses you.
It was a potion of degeneration.
There was something very wrong with that liquid.
You feel weakened.
You feel dopey.
You feel clumsy.
* * * LOW HITPOINT WARNING * * *
You feel sick. The adder bites you.
You die...

.. ##.#
# ... .#
#..###
#.#
..).#...
...#.#
#.S..#
#@.#
##.#
#.##
#..#
##.##
#..#
##.##
#..#
##.##


You could see an adder.

Vanquished Creatures
  A worm (D:2)
  A dart slug (D:2)
  4 endoplasms
  2 goblins (D:1)
  2 hobgoblins
  4 kobolds (D:1)
  A quokka (D:1)
  4 ball pythons
  6 bats
  3 rats
28 creatures vanquished.

Notes
Turn   | Place    | Note
-------+----------+-------------------------------------------
     0 | D:1      | Demosthentine the Merfolk Gladiator began the quest for the
                  | Orb.
     0 | D:1      | Reached XP level 1. HP: 16/16 MP: 1/1
   193 | D:1      | Found Hewup's Magic Scroll Emporium.
   629 | D:1      | Reached XP level 2. HP: 23/23 MP: 2/2
  1281 | D:1      | Bought a scroll of teleportation for 33 gold pieces
  1281 | D:1      | Bought a scroll of identify for 22 gold pieces
  1334 | D:2      | Reached XP level 3. HP: 28/28 MP: 3/3
  1461 | D:2      | Found Caiffoim's General Store.
  1561 | D:2      | Slain by an adder

Illustrated notes

Levels and vault maps discovered:
D:1:      dpeg_arrival_simpleton_b, layout_basic, serial_shops,
          nicolae_shop_window_shopping, bh_walls_and_bars
D:2:      layout_basic, ebering_ecumenical_altar_sacrificial, serial_shops, shop

Action                   || total
-------------------------++-------
Melee: Trident           ||    91
  Use: Scroll            ||     1
       Potion            ||     2
 Stab: Sleeping          ||     3
Armor: Leather armour    ||    10
Dodge: Dodged            ||    36

Table legend: (Time is in decaauts)
 A = Elapsed time spent in this place.
 B = Non-inter-level travel time spent in this place.
 C = Inter-level travel time spent in this place.
 D = Time resting spent in this place.
 E = Time spent auto-exploring this place.
 F = Levels seen in this place.
 G = Mean time per level.
                   A        B        C        D        E       F      G
               +--------+--------+--------+--------+--------+-----+--------+
         Total |   1567 |   1437 |    130 |      0 |   1254 |   2 |  783.5 |
       Dungeon |   1567 |   1437 |    130 |      0 |   1254 |   2 |  783.5 |
               +--------+--------+--------+--------+--------+-----+--------+

Top non-repeatable levels by time:
     D:1: 1295 daAuts
     D:2: 271 daAuts
